 Dungeon Crawl Stone Soup version 0.18.1-8-gdd0e5ea (webtiles) character file.

91 Metae the Skirmisher (level 4, 0/38 HPs)
             Began as a Centaur Fighter on May 23, 2016.
             Slain by georgeearnest's ghost (13 damage)
             ... on level 3 of the Dungeon.
             The game lasted 00:22:02 (3048 turns).

Metae the Skirmisher (Centaur Fighter)              Turns: 3048, Time: 00:22:10

Health: 0/38       AC:  3    Str: 19    XL:     4   Next: 33%
Magic:  4/4        EV:  7    Int:  7    God:
Gold:   132        SH:  8    Dex:  9    Spells: 0 memorised, 3 levels left

rFire  . . .     SeeInvis .     a - +0 war axe
rCold  . . .     Gourm    .     (no armour)
rNeg   . . .     Faith    .     c - +0 shield
rPois  .         Spirit   .     (no helmet)
rElec  .         Dismiss  .     (no cloak)
rCorr  .         Reflect  .     (no gloves)
SustAt .         Harm     .     (no barding)
MR     .....                    (no amulet)
Stlth  +.........               (no ring)
                                (no ring)

@: lethally poisoned (0 -> -7), very quick, not resistant to hostile
enchantments, very unstealthy
A: hooves 3, deformed body, speed 2, tough skin 3
a: no special abilities


You were on level 3 of the Dungeon.
You were not hungry.

You visited 1 branch of the dungeon, and saw 3 of its levels.

You collected 132 gold pieces.

Inventory:

Hand Weapons
 a - a +0 war axe (weapon)
 h - a +0 short sword
 i - a +0 spear
 l - a +0 hand axe
 t - a +0 hand axe
 u - a +0 mace
 x - a +1 quarterstaff of holy wrath
Missiles
 f - 5 tomahawks (quivered)
 n - 5 large rocks
Armour
 b - a +0 scale mail
 c - a +0 shield (worn)
 e - a +0 plate armour
 j - a +0 scale mail
Scrolls
 k - 2 scrolls of teleportation {unknown}
 p - a scroll of random uselessness {unknown}
 r - a scroll of recharging {unknown}
 s - 2 scrolls of identify {unknown}
 w - a scroll of magic mapping {unknown}
Potions
 d - a potion of might
 m - a potion of flight {unknown}
 q - a potion of curing {unknown}
 v - a potion of brilliance {unknown}
Comestibles
 g - a meat ration
 o - a slice of pizza


   Skills:
 + Level 3.5 Fighting
 * Level 2.2 Axes
 + Level 2.6 Armour
 + Level 0.7 Dodging
 + Level 0.1 Stealth
 + Level 2.7 Shields


You had 3 spell levels left.
You didn't know any spells.

Dungeon Overview and Level Annotations

Branches:
Dungeon (3/15)

Altars:
Okawaru

Annotations:
D:3 georgeearnest's ghost, amateur DsGl


Innate Abilities, Weirdness & Mutations

You have hooves in place of feet.
Armour fits poorly on your strangely shaped body.
You cover ground very quickly.
You have extremely tough skin (AC +3).


Message History

You feel sick.
The kobold shoots a poisoned needle.
The poisoned needle hits you!
You are more poisoned.
You see here a poisoned needle.
You feel sick. Georgeearnest's ghost hits you!
You feel sick.
You hit georgeearnest's ghost but do no damage.
You feel sick. Georgeearnest's ghost hits you!
You hit georgeearnest's ghost but do no damage.
You kick georgeearnest's ghost, but do no damage.
You feel sick.
You block georgeearnest's ghost's attack.
You hit georgeearnest's ghost. Your kick misses georgeearnest's ghost.
Georgeearnest's ghost is lightly damaged.
You feel sick.
You block georgeearnest's ghost's attack.
Georgeearnest's ghost screams, "I'll kill anyone who wants the ORB!"
Georgeearnest's ghost hits you!
You die...

.......#.#.#.# ###
#.###..#.#.#.# ... #.#
#..#.#.#'#######.### #.#
#..................# #.#
#..>...............#
#.###.#................#
#.....'.....(.((K.......
###.###........#W#######
#............#@#
#.#####.######.# ...
#...# #.# ... ≈≈...≈≈
#.# ##...#≈..♣..≈# #.#
.#....... .... ..# .#
### .# .#


You could see georgeearnest's ghost and a kobold.

Vanquished Creatures
  3 adders (D:2)
  An ooze (D:2)
  A worm (D:2)
  2 dart slugs
  2 giant geckos
  An orc (D:3)
  A giant cockroach (D:2)
  7 goblins
  7 hobgoblins
  5 jackals (D:1)
  6 bats
  3 giant newts
  3 kobolds
  8 rats
50 creatures vanquished.

Vanquished Creatures (others)
  A rat (D:3)
1 creature vanquished.

Grand Total: 51 creatures vanquished

Notes
Turn   | Place    | Note
--------------------------------------------------------------
     0 | D:1      | Metae the Centaur Fighter began the quest for the Orb.
     0 | D:1      | Reached XP level 1. HP: 19/19 MP: 1/1
   130 | D:1      | Reached XP level 2. HP: 25/26 MP: 2/2
   977 | D:1      | Reached XP level 3. HP: 29/31 MP: 3/3
  2180 | D:2      | Reached XP level 4. HP: 8/38 MP: 4/4
  2666 | D:3      | Found an iron altar of Okawaru.
  2759 | D:3      | Found a faded altar to an unknown god.
  3006 | D:3      | Found an iron altar of Okawaru.
  3040 | D:3      | Noticed georgeearnest's ghost (amateur DsGl)
  3048 | D:3      | Slain by georgeearnest's ghost

Skill      XL: |  1  2 |
---------------+-------+-----
Axes           | 2 |  2.2
Fighting       | |  3.5
Armour         | |  2.6
Dodging        | |  0.7
Stealth        | |  0.1
Shields        | |  2.7

Action                   |  1- 3 |  4- 6 || total
-------------------------+-------+-------++-------
Melee: War axe           |   139 |    20 ||   159
       Kick              |    22 |     5 ||    27
  Use: Potion            |     1 |       ||     1
  Eat: Bread ration      |     1 |     1 ||     2
Armor: Scale mail        |    85 |       ||    85
       Skin              |     2 |     4 ||     6
Dodge: Dodged            |    40 |     1 ||    41
Block: Shield            |    89 |    11 ||   100
